AAA
WINSTON-SALEM WARTHOGS @ RICHMOND RAMS
06/05/2060
 
TOP OF THE 1ST
Winston-Salem Warthogs batting - Pitching for Richmond Rams : RHP Grant Hall
Pitching: RHP Grant Hall
Batting: LHB Felton Kirt 0-0: Ball
1-0: Called Strike
1-1: Foul Ball, location: 2F
1-2: Ball
2-2: Ball
3-2: Foul Ball, location: 2F
3-2: Fly out, F4 (Flyball, 4MD, EV 85.0 MPH)
Batting: RHB Dominick Booth 0-0: Ball
1-0: Ball
2-0: Ground out 6-3 (Groundball, 6, EV 79.4 MPH)
Batting: RHB Johnathan Shillito 0-0: Ground out 5-3 (Groundball, 56S, EV 66.9 MPH)
Top of the 1st over - 0 runs, 0 hits, 0 errors, 0 left on base; Winston-Salem 0 - Richmond 0
BOTTOM OF THE 1ST
Richmond Rams batting - Pitching for Winston-Salem Warthogs : RHP Derek Nabavi
Pitching: RHP Derek Nabavi
Batting: SHB Detwon Ayala 0-0: Ball
1-0: Ball
2-0: Ball
3-0: Base on Balls
Batting: SHB Seth Estee 0-0: Foul Ball, location: 2F
0-1: Ball
1-1: Swinging Strike
1-2: Strikes out swinging
Batting: RHB Ken Daly 0-0: Called Strike
Detwon Ayala steals 2nd base
0-1: Ground out 4-3 (Groundball, 4, EV 84.4 MPH)
Detwon Ayala to third
Batting: LHB Logan Sparks 0-0: Fly out, F7 (Flyball, 7LM, EV 95.6 MPH)
Bottom of the 1st over - 0 runs, 0 hits, 0 errors, 1 left on base; Winston-Salem 0 - Richmond 0
TOP OF THE 2ND
Winston-Salem Warthogs batting - Pitching for Richmond Rams : RHP Grant Hall
Batting: SHB Tommy Pettyjohn 0-0: Ball
1-0: Called Strike
1-1: Swinging Strike
1-2: Ball
2-2: Foul Ball, location: 2F
2-2: Ground out 6-3 (Groundball, 6, EV 84.4 MPH)
Batting: RHB Kyle Patri 0-0: Swinging Strike
0-1: Ball
1-1: Ball
2-1: Foul Ball, location: 2F
2-2: Strikes out looking
Batting: LHB Lewis O'Connor 0-0: Swinging Strike
0-1: Ball
1-1: Foul Ball, location: 2F
1-2: Ball
2-2: Strikes out looking
Top of the 2nd over - 0 runs, 0 hits, 0 errors, 0 left on base; Winston-Salem 0 - Richmond 0
BOTTOM OF THE 2ND
Richmond Rams batting - Pitching for Winston-Salem Warthogs : RHP Derek Nabavi
Batting: RHB Joseph Gazdaru 0-0: Ball
1-0: Called Strike
1-1: Ground out U3 (Groundball, 3, EV 78.8 MPH)
Batting: RHB Lou Winfield 0-0: Ball
1-0: Ball
2-0: Ball
3-0: Base on Balls
Batting: RHB Linton Makepeace 0-0: Called Strike
0-1: Ball
1-1: SINGLE (Line Drive, 9S, EV 92.5 MPH)
Lou Winfield to second
Batting: RHB Tommy Dupree 0-0: Swinging Strike
0-1: Swinging Strike
0-2: Ball
1-2: Foul Ball, location: 2F
1-2: 3-RUN HOME RUN (Flyball, 7LD, EV 91.2 MPH), Distance : 343 ft
Batting: LHB Jess Hajiev 0-0: Called Strike
0-1: Ball
1-1: Swinging Strike
1-2: Ball
2-2: Ground out U3 (Groundball, 3L, EV 89.4 MPH)
Batting: SHB Detwon Ayala 0-0: Swinging Strike
0-1: Ball
1-1: Foul Ball, location: 2F
1-2: Ball
2-2: Strikes out looking
Bottom of the 2nd over - 3 runs, 2 hits, 0 errors, 0 left on base; Winston-Salem 0 - Richmond 3
TOP OF THE 3RD
Winston-Salem Warthogs batting - Pitching for Richmond Rams : RHP Grant Hall
Batting: RHB Devon Abrams 0-0: DOUBLE (Line Drive, 89D, EV 103.8 MPH)
Batting: RHB Allen Stoll 0-0: Ball
Balk!
Devon Abrams to third
1-0: Foul Ball, location: 2F
1-1: Fly out, F5 (Popup, 56S, EV 80.0 MPH)
Batting: RHB Todd Abarca 0-0: Called Strike
0-1: Ball
1-1: Ball
2-1: Foul Ball, location: 2F
2-2: Strikes out swinging
Batting: LHB Felton Kirt 0-0: DOUBLE (Line Drive, 78D, EV 105.0 MPH)
Devon Abrams scores
Batting: RHB Dominick Booth 0-0: Ball
1-0: Ball
2-0: Ball
3-0: Base on Balls
Batting: RHB Johnathan Shillito 0-0: Ball
1-0: Fly out, F9 (Flyball, 9LSF, EV 95.6 MPH)
Top of the 3rd over - 1 run, 2 hits, 0 errors, 2 left on base; Winston-Salem 1 - Richmond 3
BOTTOM OF THE 3RD
Richmond Rams batting - Pitching for Winston-Salem Warthogs : RHP Derek Nabavi
Batting: SHB Seth Estee 0-0: Ball
1-0: Called Strike
1-1: Ball
2-1: Called Strike
2-2: Ball
3-2: Base on Balls
Batting: RHB Ken Daly 0-0: Ball
1-0: Called Strike
1-1: Swinging Strike
1-2: Strikes out swinging
Batting: LHB Logan Sparks 0-0: Ball
1-0: Ball
2-0: Swinging Strike
2-1: Ball
3-1: Foul Ball, location: 2F
3-2: Fly out, F4 (Line Drive, 4, EV 65.6 MPH)
Batting: RHB Joseph Gazdaru 0-0: Ball
Seth Estee steals 2nd base
1-0: Ball
2-0: Ball
3-0: Base on Balls
Batting: RHB Lou Winfield 0-0: Swinging Strike
0-1: Ball
1-1: Called Strike
1-2: Strikes out looking
Bottom of the 3rd over - 0 runs, 0 hits, 0 errors, 2 left on base; Winston-Salem 1 - Richmond 3
TOP OF THE 4TH
Winston-Salem Warthogs batting - Pitching for Richmond Rams : RHP Grant Hall
Batting: SHB Tommy Pettyjohn 0-0: Swinging Strike
0-1: Foul Ball, location: 2F
0-2: Ball
1-2: Foul Ball, location: 2F
1-2: Ball
2-2: Fly out, F9 (Flyball, 9, EV 81.9 MPH)
Batting: RHB Kyle Patri 0-0: Ball
1-0: Ball
2-0: Ball
3-0: Base on Balls
Batting: LHB Lewis O'Connor 0-0: SINGLE (Line Drive, 34D, EV 105.0 MPH)
Kyle Patri to second
Batting: RHB Devon Abrams 0-0: Ball
1-0: Foul Ball, location: 2F
1-1: Ball
2-1: Ball
3-1: Base on Balls
Kyle Patri to third
Lewis O'Connor to second
Batting: RHB Allen Stoll 0-0: Grounds into fielders choice 6-2 (Groundball, 6, EV 84.4 MPH)
Lewis O'Connor to third
Devon Abrams to second
Batting: RHB Todd Abarca 0-0: Called Strike
0-1: Ball
1-1: Called Strike
1-2: Fly out, F6 (Popup, 6MD, EV 64.4 MPH)
Top of the 4th over - 0 runs, 1 hit, 0 errors, 3 left on base; Winston-Salem 1 - Richmond 3
BOTTOM OF THE 4TH
Richmond Rams batting - Pitching for Winston-Salem Warthogs : RHP Derek Nabavi
Batting: RHB Linton Makepeace 0-0: Called Strike
0-1: Called Strike
0-2: Foul Ball, location: 2F
0-2: Strikes out swinging
Batting: RHB Tommy Dupree 0-0: Ball
1-0: Called Strike
1-1: Ball
2-1: Called Strike
2-2: Foul Ball, location: 2F
2-2: Ball
3-2: Strikes out swinging
Batting: LHB Jess Hajiev 0-0: Ball
1-0: Called Strike
1-1: Foul Ball, location: 2F
1-2: Strikes out swinging
Bottom of the 4th over - 0 runs, 0 hits, 0 errors, 0 left on base; Winston-Salem 1 - Richmond 3
TOP OF THE 5TH
Winston-Salem Warthogs batting - Pitching for Richmond Rams : RHP Grant Hall
Batting: LHB Felton Kirt 0-0: Called Strike
0-1: Swinging Strike
0-2: Foul Ball, location: 2F
0-2: Ball
1-2: Strikes out swinging
Batting: RHB Dominick Booth 0-0: Foul Ball, location: 2F
0-1: Called Strike
0-2: SINGLE (Line Drive, 89S, EV 104.4 MPH)
Batting: RHB Johnathan Shillito 0-0: Fly out, F9 (Line Drive, 9S, EV 94.4 MPH)
Batting: SHB Tommy Pettyjohn 0-0: Ball
1-0: Foul Ball, location: 2F
1-1: Ball
2-1: Foul Ball, location: 2F
2-2: Foul Ball, location: 2F
2-2: Strikes out swinging
Top of the 5th over - 0 runs, 1 hit, 0 errors, 1 left on base; Winston-Salem 1 - Richmond 3
BOTTOM OF THE 5TH
Richmond Rams batting - Pitching for Winston-Salem Warthogs : RHP Derek Nabavi
Batting: SHB Detwon Ayala 0-0: Ball
1-0: Foul Ball, location: 2F
1-1: Swinging Strike
1-2: Foul Ball, location: 2F
1-2: Strikes out looking
Batting: SHB Seth Estee 0-0: Ball
1-0: Ball
2-0: Foul Ball, location: 2F
2-1: Swinging Strike
2-2: DOUBLE (Line Drive, 9LD, EV 101.2 MPH)
Batting: RHB Ken Daly 0-0: Called Strike
Seth Estee steals 3rd base
0-1: Ball
1-1: Ball
2-1: SINGLE (Flyball, 89S, EV 91.2 MPH)
Seth Estee scores
Batting: LHB Logan Sparks 0-0: Ball
1-0: Called Strike
1-1: Ball
2-1: Foul Ball, location: 2F
2-2: SINGLE (Line Drive, 8LS, EV 91.9 MPH)
Ken Daly to second
Batting: RHB Joseph Gazdaru 0-0: Called Strike
Ken Daly steals 3rd base
Logan Sparks to second
0-1: Called Strike
0-2: Ball
1-2: Fly out, F9 (Flyball, 9LM, EV 85.0 MPH)
Runner from 3rd tags up, SCORES, throw by RF
Logan Sparks to third
Batting: RHB Lou Winfield 0-0: Called Strike
0-1: Ball
1-1: Ball
2-1: Ball
3-1: Base on Balls
Pitching: RHP Denard Weatherby
Batting: RHB Linton Makepeace 0-0: Called Strike
0-1: Called Strike
0-2: Foul Ball, location: 2F
0-2: Ball
1-2: Ball
Wild Pitch!
Logan Sparks scores
Lou Winfield to second
2-2: Strikes out swinging
Bottom of the 5th over - 3 runs, 3 hits, 0 errors, 1 left on base; Winston-Salem 1 - Richmond 6
TOP OF THE 6TH
Winston-Salem Warthogs batting - Pitching for Richmond Rams : RHP Grant Hall
Batting: RHB Kyle Patri 0-0: Ball
1-0: Swinging Strike
1-1: Ball
2-1: Called Strike
2-2: Ball
3-2: SINGLE (Groundball, 6S, EV 98.8 MPH)
Batting: LHB Lewis O'Connor 0-0: Grounds into double play, 4-6-3 (Groundball, 34, EV 88.8 MPH)
Batting: RHB Devon Abrams 0-0: Called Strike
0-1: Fly out, F9 (Flyball, 89M, EV 92.5 MPH)
Top of the 6th over - 0 runs, 1 hit, 0 errors, 0 left on base; Winston-Salem 1 - Richmond 6
BOTTOM OF THE 6TH
Richmond Rams batting - Pitching for Winston-Salem Warthogs : RHP Denard Weatherby
Batting: RHB Tommy Dupree 0-0: Ball
1-0: Ball
2-0: Foul Ball, location: 2F
2-1: DOUBLE (Flyball, 8LXD, EV 103.1 MPH)
Batting: LHB Jess Hajiev 0-0: Foul Ball, location: 2F
0-1: Ball
Wild Pitch!
Tommy Dupree to third
1-1: Ball
2-1: SINGLE (Groundball, 4MD, EV 102.5 MPH)
Tommy Dupree scores
Batting: SHB Detwon Ayala 0-0: Ball
1-0: Foul Ball, location: 2F
1-1: Ball
2-1: Fielders Choice at 2nd, 4-6 (Groundball, P, EV 81.2 MPH)
Batting: SHB Seth Estee 0-0: Fly out, F7 (Flyball, 7D, EV 85.6 MPH)
Batting: RHB Ken Daly 0-0: Ball
1-0: Ball
2-0: Fly out, F9 (Flyball, 89M, EV 91.2 MPH)
Bottom of the 6th over - 1 run, 2 hits, 0 errors, 1 left on base; Winston-Salem 1 - Richmond 7
TOP OF THE 7TH
Winston-Salem Warthogs batting - Pitching for Richmond Rams : RHP Grant Hall
Batting: RHB Allen Stoll 0-0: Called Strike
0-1: Ball
1-1: Called Strike
1-2: Ball
2-2: Ground out 5-3 (Groundball, 5L, EV 84.4 MPH)
Batting: RHB Todd Abarca 0-0: Ball
1-0: Foul Ball, location: 2F
1-1: Foul Ball, location: 2F
1-2: Strikes out swinging
Batting: LHB Felton Kirt 0-0: Swinging Strike
0-1: Ball
1-1: Ball
2-1: Called Strike
2-2: Foul Ball, location: 2F
2-2: Ball
3-2: Base on Balls
Pitching: RHP Cole Carroll
Batting: RHB Dominick Booth 0-0: Ball
Felton Kirt is caught stealing 2nd base 2-4
Top of the 7th over - 0 runs, 0 hits, 0 errors, 0 left on base; Winston-Salem 1 - Richmond 7
BOTTOM OF THE 7TH
Richmond Rams batting - Pitching for Winston-Salem Warthogs : RHP Denard Weatherby
Batting: LHB Logan Sparks 0-0: Ball
1-0: Called Strike
1-1: Swinging Strike
1-2: Strikes out looking
Batting: RHB Joseph Gazdaru 0-0: Called Strike
0-1: Ball
1-1: Fly out, F9 (Flyball, 9D, EV 108.1 MPH)
Batting: RHB Lou Winfield 0-0: Ball
1-0: Ground out 4-3 (Groundball, 13, EV 84.4 MPH)
Bottom of the 7th over - 0 runs, 0 hits, 0 errors, 0 left on base; Winston-Salem 1 - Richmond 7
TOP OF THE 8TH
Winston-Salem Warthogs batting - Pitching for Richmond Rams : RHP Cole Carroll
Batting: RHB Dominick Booth 0-0: Ball
1-0: Foul Ball, location: 2F
1-1: Called Strike
1-2: Ball
2-2: Foul Ball, location: 2F
2-2: Ball
3-2: Base on Balls
Batting: RHB Johnathan Shillito 0-0: Ball
1-0: Ball
2-0: Called Strike
2-1: DOUBLE (Flyball, 9LD, EV 93.8 MPH)
Dominick Booth to third
Batting: SHB Tommy Pettyjohn 0-0: Ball
1-0: Fly out, F8 (Flyball, 8RXD, EV 93.1 MPH)
Runner from 3rd tags up, SCORES, no throw by CF
Batting: RHB Kyle Patri 0-0: Called Strike
0-1: Ball
1-1: Ball
2-1: Ball
3-1: Base on Balls
Batting: LHB Lewis O'Connor 0-0: Called Strike
0-1: Grounds into double play, 1-6-3 (Groundball, 13S, EV 62.5 MPH)
Top of the 8th over - 1 run, 1 hit, 0 errors, 1 left on base; Winston-Salem 2 - Richmond 7
BOTTOM OF THE 8TH
Richmond Rams batting - Pitching for Winston-Salem Warthogs : RHP Denard Weatherby
Batting: RHB Linton Makepeace 0-0: Ball
1-0: Fly out, F8 (Line Drive, 8LM, EV 86.2 MPH)
Batting: RHB Tommy Dupree 0-0: Ball
1-0: Swinging Strike
1-1: Foul Ball, location: 2F
1-2: Ball
2-2: Ball
3-2: Fly out, F8 (Flyball, 8LD, EV 98.8 MPH)
Batting: LHB Jess Hajiev 0-0: Ball
1-0: Called Strike
1-1: Ball
2-1: Ball
3-1: Foul Ball, location: 2F
3-2: Foul Ball, location: 2F
3-2: SINGLE (Line Drive, 8LS, EV 93.8 MPH)
Batting: SHB Detwon Ayala 0-0: Called Strike
Jess Hajiev steals 2nd base
0-1: Swinging Strike
0-2: Strikes out looking
Bottom of the 8th over - 0 runs, 1 hit, 0 errors, 1 left on base; Winston-Salem 2 - Richmond 7
TOP OF THE 9TH
Winston-Salem Warthogs batting - Pitching for Richmond Rams : RHP Cole Carroll
Batting: RHB Devon Abrams 0-0: Foul Ball, location: 2F
0-1: Foul Ball, location: 2F
0-2: Ball
1-2: Ball
2-2: SINGLE (Groundball, 6S, EV 70.0 MPH) (infield hit)
Batting: RHB Allen Stoll 0-0: Grounds into double play, 5-4-3 (Groundball, 56, EV 84.4 MPH)
Pinch Hitting: LHB Sean Castelli 0-0: Called Strike
0-1: Ball
1-1: Ball
2-1: SINGLE (Line Drive, 78M, EV 91.9 MPH)
Batting: LHB Felton Kirt 0-0: Foul Ball, location: 2F
0-1: Ball
1-1: Ball
2-1: Ball
3-1: Base on Balls
Sean Castelli to second
Batting: RHB Dominick Booth 0-0: Foul Ball, location: 2F
0-1: Called Strike
0-2: Strikes out swinging
Top of the 9th over - 0 runs, 2 hits, 0 errors, 2 left on base; Winston-Salem 2 - Richmond 7
Sunday, May 5th , 2024 - OOTP Baseball 23.10 Build 110